 Dungeon Crawl Stone Soup version 0.30-a0-605-gb2882149bf (webtiles) character file.

Game seed: 14584707207957885577

112 acebull12 the Stinger (level 4, -1/34 HPs)
             Began as a Draconian Venom Mage on Jan 8, 2023.
             Was a Believer of Wu Jian.
             Slain by Grinder (2 damage)
             ... while paralysed by Grinder
             ... on level 3 of the Dungeon.
             The game lasted 00:09:43 (2968 turns).

acebull12 the Stinger (Draconian Venom Mage)        Turns: 2968, Time: 00:09:44

Health: -1/34      AC:  6    Str: 12    XL:     4   Next: 64%
Magic:  7/7        EV:  2    Int: 15    God:    Wu Jian [**....]
Gold:   138        SH:  0    Dex: 12    Spells: 7/8 levels left

rFire   . . .      SeeInvis +    t - +4 quarterstaff (chaos)
rCold   . . .      Faith    .    (shield currently unavailable)
rNeg    . . .      Spirit   .    (body armour unavailable)
rPois   .          Reflect  .    (helmet restricted)
rElec   .          Harm     .    u - +0 cloak
rCorr   .          Rampage  .    (no gloves)
Will    .....                    (no boots)
Stlth   ++                       (no amulet)
HPRegen 0.25/turn                l - ring of see invisible
MPRegen 0.10/turn                (no ring)

@: paralysed
A: AC +5, unfitting armour, cold-blooded
a: Renounce Religion, Wall Jump


You were on level 3 of the Dungeon.
You worshipped Wu Jian.
Wu Jian was pleased with you.
You visited 1 branch of the dungeon, and saw 3 of its levels.

You collected 138 gold pieces.

Inventory:

Hand Weapons
 e - a +0 spear
 t - a +4 quarterstaff of chaos (weapon)
Armour
 u - a +0 cloak (worn)
Jewellery
 l - a ring of see invisible (left hand)
 n - a ring of fire
Scrolls
 b - a scroll of vulnerability {unknown}
 c - 3 scrolls of immolation {unknown}
 d - a scroll of fear {unknown}
 g - a scroll of fog {unknown}
 i - a scroll of enchant weapon {unknown}
 o - 2 scrolls of teleportation {unknown}
 p - 3 scrolls of identify {unknown}
 q - a scroll of amnesia {unknown}
 r - a scroll of poison {unknown}
 s - 3 scrolls of noise {unknown}
Potions
 a - a potion of magic
 f - a potion of brilliance {unknown}
 h - 2 potions of mutation {unknown}
 j - 2 potions of curing {unknown}
 k - a potion of heal wounds
 m - 2 potions of invisibility {unknown}


   Skills:
 * Level 0.6 Fighting
 * Level 1.4 Polearms
 + Level 2.2 Dodging
 + Level 2.2 Stealth
 * Level 2.6 Spellcasting
 + Level 1.1 Transmutations
 * Level 4.0 Poison Magic


You had 7 spell levels left.
You knew the following spells:

 Your Spells              Type           Power      Damage    Failure   Level
a - Sting                 Tmut/Pois      36%        1d4       7%          1

Your spell library contained the following spells:

 Spells                   Type           Power      Damage    Failure   Level
 Poisonous Vapours        Pois/Air       16%        N/A       14%         2
 Slow                     Hex            4%         N/A       22%         1
 Mephitic Cloud           Conj/Pois/Air  6%         N/A       34%         3
 Olgreb's Toxic Radiance  Pois           14%        N/A       36%         4
 Confusing Touch          Hex            1%         N/A       54%         3
 Vampiric Draining        Necr           1%         2d6       54%         3


Dungeon Overview and Level Annotations

Branches:
Dungeon (3/15)

Altars:
Elyvilon
Wu Jian

Annotations:
D:2 Sigmund
D:3 2 transporters, Grinder


Innate Abilities, Weirdness & Mutations

Your plain brown scales are hard. (AC +5)
You cannot fit into any form of body armour.
You are cold-blooded and may be slowed by cold attacks.


Message History

Grinder shouts!
You see here a bat corpse.
You hit Grinder but do no damage.
Your tail-slap misses Grinder.
Grinder closely misses you. Grinder hits you.
You writhe in agony.
You hit Grinder.
Grinder is lightly wounded.
Grinder hits you.
You writhe in agony.
You closely miss Grinder.
Grinder is lightly wounded.
Grinder hits you but does no damage.
You closely miss Grinder.
Grinder is lightly wounded.
Grinder hits you!
You hit Grinder.
Grinder is moderately wounded.
Grinder gestures at you. Pain shoots through your body!
* * * LOW HITPOINT WARNING * * *
Grinder hits you.
* * * LOW HITPOINT WARNING * * *
You barely miss Grinder.
Grinder is moderately wounded.
Grinder blinks!
It was a potion of heal wounds.
You feel much better. Grinder hits you.
You writhe in agony.
You closely miss Grinder.
Your tail-slap misses Grinder.
Grinder is moderately wounded.
Grinder gestures at you.
You suddenly lose the ability to move!
Grinder says, "Tell me all your secrets, or I'll kill you."
Grinder hits you. Grinder hits you!
* * * LOW HITPOINT WARNING * * *
You writhe in agony.
* * * LOW HITPOINT WARNING * * *
Grinder gestures at you. Pain shoots through your body!
* * * LOW HITPOINT WARNING * * *
Grinder hits you.
You die...

################# #
#.......5..........
##########.####.@######...#.
............................
########..≈≈≈≈≈≈≈≈≈≈≈...≈≈≈≈
##.≈≈≈≈≈≈≈≈≈≈≈...≈≈≈≈
#.≈≈#####...........
#########.≈≈#..g#.###.©.###.
#......##.≈≈#...###g##### #
#.........≈≈###...... ...
#......##.≈≈.8#.##'###'##


You could see Grinder and 2 gnolls.

Vanquished Creatures
  Crazy Yiuf (D:3)
  3 adders (D:2)
  A worm (D:3)
  2 dart slugs (D:1)
  5 bats
  6 endoplasms
  2 giant cockroaches
  3 goblins (D:1)
  3 hobgoblins
  4 jackals (D:2)
  4 quokkas
  4 ball pythons
  3 frilled lizards (D:1)
  4 kobolds
  3 rats
48 creatures vanquished.

Vanquished Creatures (others)
  6 plants (D:3)
6 creatures vanquished.

Grand Total: 54 creatures vanquished

Notes
Turn   | Place    | Note
-------+----------+-------------------------------------------
     0 | D:1      | acebull12 the Draconian Venom Mage began the quest for the
                  | Orb.
     0 | D:1      | Reached XP level 1. HP: 14/14 MP: 3/3
   223 | D:1      | Reached XP level 2. HP: 20/20 MP: 1/5
   533 | D:1      | Found a faded altar of an unknown god.
   541 | D:1      | Prayed at the altar of an unknown god.
   541 | D:1      | Became a worshipper of the Wu Jian Council
   541 | D:1      | Reached * piety under Wu Jian
   625 | D:1      | Reached XP level 3. HP: 19/26 MP: 6/6
   912 | D:2      | Found a white marble altar of Elyvilon.
  1191 | D:2      | Noticed Sigmund
  1864 | D:3      | Noticed Grinder
  1879 | D:2      | Reached skill level 4 in Poison Magic
  1879 | D:2      | Reached XP level 4. HP: 16/34 MP: 3/7
  2068 | D:3      | Paralysed by Grinder for 3 turns
  2297 | D:3      | Found a transporter.
  2421 | D:3      | Reached skill level 1 in Polearms
  2529 | D:3      | Found a runed translucent door.
  2530 | D:3      | Noticed Crazy Yiuf
  2701 | D:3      | Killed Crazy Yiuf
  2701 | D:3      | Reached ** piety under Wu Jian
  2927 | D:3      | Found a transporter.
  2958 | D:3      | HP: 1/34 [Grinder (2)]
  2964 | D:3      | Paralysed by Grinder for 5 turns
  2967 | D:3      | HP: 1/34 [Grinder/nerve-wracking pain (4)]
  2968 | D:3      | Slain by Grinder

Illustrated notes

Levels and vault maps discovered:
D:1:      lemuel_arrival_muddy, layout_basic, dreamdust_ecumenical_altar_grove
D:2:      layout_loops_ring, basic_altar, uniq_sigmund
D:3:      layout_loops_cross, gammafunk_ghost_gnarly_gnolls,
          uniq_crazy_yiuf_cottage, uniq_grinder

Skill      XL: |  1  2  3  4 |
---------------+-------------+-----
Stealth        | 2 |  2.2
Dodging        | 2 |  2.2
Poison Magic   | 4 |  4.0
Polearms       | 1 |  1.4
Fighting       | |  0.6
Spellcasting   | |  2.6
Transmutations | |  1.1

Action                   |  1- 3 |  4- 6 || total
-------------------------+-------+-------++-------
Melee: Unarmed           |     6 |       ||     6
       Tailslap          |     9 |     5 ||    14
       Spear             |    75 |    46 ||   121
       Quarterstaff      |       |    12 ||    12
 Cast: Sting             |    24 |     5 ||    29
Invok: Whirlwind         |     2 |     2 ||     4
       Lunge             |     2 |     1 ||     3
  Use: Potion            |       |     1 ||     1
 Stab: Sleeping          |     5 |     2 ||     7
Armor: Skin              |    33 |    13 ||    46
Dodge: Dodged            |    53 |    25 ||    78

Table legend: (Time is in decaauts)
 A = Elapsed time spent in this place.
 B = Non-inter-level travel time spent in this place.
 C = Inter-level travel time spent in this place.
 D = Time resting spent in this place.
 E = Time spent auto-exploring this place.
 F = Levels seen in this place.
 G = Mean time per level.
                   A        B        C        D        E       F      G
               +--------+--------+--------+--------+--------+-----+--------+
         Total |   2996 |   2736 |    260 |    353 |   1830 |   3 |  998.7 |
       Dungeon |   2996 |   2736 |    260 |    353 |   1830 |   3 |  998.7 |
               +--------+--------+--------+--------+--------+-----+--------+

Top non-repeatable levels by time:
     D:2: 1217 daAuts
     D:1: 906 daAuts
     D:3: 872 daAuts
